 Dungeon Crawl Stone Soup version 0.15.0-29-ga8e3430 (webtiles) character file.

57559 Kashira the Thaumaturge (level 14, -7/124 HPs)
             Began as a Naga Wizard on Sept 11, 2014.
             Was the Champion of Cheibriados.
             Mangled by a seven-headed hydra (12 damage)
             ... on Level 7 of the Lair of Beasts on Sept 12, 2014.
             The game lasted 02:42:43 (24037 turns).

Kashira the Thaumaturge (Naga Wizard)              Turns: 24037, Time: 02:42:43

HP  -7/124       AC 16     Str 31      XL: 14   Next: 86%
MP   0/34        EV 17     Int 37      God: Cheibriados [******]
Gold 770         SH  7     Dex 30      Spells: 10 memorised, 10 levels left

rFire  . . .     SeeInvis +     U - +1 mace (holy)
rCold  . . .     Clarity  .     x - +2 ring mail of Darkness {Slay+5}
rNeg   . . .     rCorr    .     i - +0 buckler {reflect}
rPois  +         rRot     .     b - +0 hat
rElec  .         Spirit   +     q - +1 cloak
SustAb .         Warding  .     w - +2 pair of gloves {Dex+3}
rMut   .         Stasis   .     (no barding)
Gourm  .                        h - amulet of guardian spirit
MR     +....                    K - +2 ring of intelligence
                                E - ring of wizardry

@: mighty, repel missiles, very slow, somewhat resistant to hostile
enchantments, fairly stealthy
A: spit poison, constrict 1, antennae 1, see invisible, deformed body, mutation
resistance 1, poison resistance, slowness 2, AC +4
a: Spit Poison, Bend Time, Temporal Distortion, Slouch, Step From Time, Renounce
Religion


You were on level 7 of the Lair of Beasts.
You worshipped Cheibriados.
Cheibriados was exalted by your worship.
You were not hungry.

You visited 3 branches of the dungeon, and saw 20 of its levels.
You also visited: Labyrinth.

You collected 1204 gold pieces.
You spent 434 gold pieces at shops.

Inventory:

Hand weapons
 p - the +7 Sceptre of Torment
   (You found it on level 1 of the Lair of Beasts)
 U - a +1 mace of holy wrath (weapon)
Armour
 b - a +0 hat (worn)
 i - a +0 buckler of reflection (worn)
 q - a +1 cloak (worn)
 w - a +2 pair of gloves of dexterity (worn)
 x - the +2 ring mail of Darkness (worn) {Slay+5}
   (You found it on level 8 of the Dungeon)

   It affects your accuracy and damage with ranged weapons and melee attacks
   (+5).
Magical devices
 a - a wand of draining (1)
 c - a wand of lightning (5)
 g - a wand of heal wounds (2) {unknown}
 G - a wand of frost (13)
 Q - a wand of enslavement (9)
Comestibles
 d - 12 bread rations
 s - 23 fruits
Scrolls
 k - a scroll of holy word {unknown}
 m - a scroll of remove curse
 o - a scroll of identify
 r - a scroll of teleportation
 B - a scroll of fear
 Z - a scroll of magic mapping
Jewellery
 f - an uncursed ring of protection from fire {unknown}
 h - an amulet of guardian spirit (around neck)
 j - an uncursed ring of fire
 E - a ring of wizardry (left hand)
 K - a +2 ring of intelligence (right hand)
 L - an uncursed ring of protection from cold
Potions
 H - a potion of resistance
 I - a potion of curing
Books
 n - a Young Poisoner's Handbook

   Spells                             Type                      Level
   Sting                              Conjuration/Poison           1
   Cure Poison                        Poison                       2
   *Mephitic Cloud                    Conjuration/Poison/Air       3
   *Olgreb's Toxic Radiance           Poison                       4
   Venom Bolt                         Conjuration/Poison           5
 t - a book of Geomancy

   Spells                             Type                      Level
   Sandblast                          Earth                        1
   Stoneskin                          Transmutation/Earth          2
   Passwall                           Transmutation/Earth          3
   Stone Arrow                        Conjuration/Earth            3
   Petrify                            Transmutation/Earth          4
   Lee's Rapid Deconstruction         Earth                        5


   Skills:
 + Level 7.8 Fighting
 + Level 1.0 Throwing
 + Level 6.6 Armour
 + Level 7.9 Dodging
 - Level 3.0 Stealth
 + Level 2.6 Shields
 + Level 12.8 Spellcasting
 + Level 11.6 Conjurations
   Level 1.0 Summonings
 + Level 3.1 Translocations
 + Level 1.3 Fire Magic
 + Level 8.8 Air Magic
 + Level 7.4 Poison Magic
 + Level 2.1 Evocations


You had 10 spell levels left.
You knew the following spells:

 Your Spells              Type           Power        Failure   Level  Hunger
a - Magic Dart            Conj           ####         0%          1    None
b - Mephitic Cloud        Conj/Pois/Air  #######.     1%          3    None
c - Conjure Flame         Conj/Fire      ######..     1%          3    None
d - Blink                 Tloc           N/A          1%          2    None
e - Repel Missiles        Chrm/Air       ######       1%          2    None
f - Shock                 Conj/Air       ####         1%          1    None
g - Lightning Bolt        Conj/Air       #######...   1%          5    None
h - Delayed Fireball      Conj/Fire      N/A          58%         7    #####..
i - Fireball              Conj/Fire      ######....   1%          5    None
j - Olgreb's Toxic Radia  Pois           ######..     1%          4    None


Dungeon Overview and Level Annotations

Branches:
Dungeon (11/15)            Temple (1/1) D:4            Lair (8/8) D:10
  Swamp (0/5) Lair:4       Spider (0/5) Lair:5
    Orc: D:9-12       Slime: Lair:6-8

Altars:
Cheibriados
Dithmenos
Elyvilon
Kikubaaqudgha
Makhleb
Okawaru
Qazlal
Vehumet
Xom
Yredelemnul
Zin
The Shining One

Shops:
D:5 *

Annotations:
D:11 Erolcha


Innate Abilities, Weirdness & Mutations

You cannot wear boots.
You can spit poison.
You can use your snake-like lower body to constrict enemies.
Your serpentine skin is tough (AC +4).
You have supernaturally acute eyesight.
Armour fits poorly on your strangely shaped body.
Your system is resistant to poisons.
You cover ground very slowly.
You have a pair of small antennae on your head.
You are somewhat resistant to further mutation.


Message History

Drink which item? (? for menu, Esc to quit)
You feel better.
You block the seven-headed hydra's attack.
The seven-headed hydra bites you but does no damage. x2
The seven-headed hydra bites you.
* * * LOW HITPOINT WARNING * * *
The seven-headed hydra misses you.
The seven-headed hydra closely misses you.
The seven-headed hydra bites you but does no damage.
Read which item? (? for menu, Esc to quit)
As you read the scroll of fear, it crumbles to dust.
You assume a fearsome visage.
The seven-headed hydra resists with almost no effort.
The seven-headed hydra barely misses you.
The seven-headed hydra bites you!
* * * LOW HITPOINT WARNING * * *
The seven-headed hydra bites you!
* * * LOW HITPOINT WARNING * * *
The seven-headed hydra bites you!
You die...

......................
##...........ยง.........
#....[.......>.........
#(.....................
#.....................
#.....................
##..................... .#
#.....D....#........... ...
###.....@...#.##.........
.??.##............####..P##...
..................## ##.######
...............(...# #.# ##
...................# ### #.
...............[....# #.
..................P## ##.
#........(.........# #.#
##.....Y.$........# ##.


You could see a seven-headed hydra.

Vanquished Creatures
  A dire elephant (Lair:5)
  A minotaur (Lab)
  Fannar (Lair:2)
  4 hydras
  Harold (D:10)
  Erica (D:11)
  10 death yaks
  Nergalle (Lair:2)
  A catoblepas (Lair:7)
  An unseen horror (D:10)
  2 hill giants (D:10)
  A manticore (D:8)
  An ugly thing (D:11)
  A cyclops (D:11)
  16 elephants
  2 griffons
  Maurice (D:8)
  A torpor snail (Lair:6)
  An item mimic (Lair:2)
  5 black mambas
  19 spiny frogs
  2 fire drakes
  2 trolls
  11 komodo dragons
  2 polar bears
  5 basilisks
  2 ravens (Lair:7)
  18 blink frogs
  5 trapdoor spiders
  28 yaks
  A spriggan (D:7)
  5 wyverns (Lair:6)
  Grum (D:9)
  A steam dragon (Lair:4)
  A hungry ghost (D:10)
  12 water moccasins
  7 hippogriffs
  Menkaure (D:5)
  18 wolves
  14 porcupines
  A yellow wasp (D:10)
  4 ice beasts
  A swamp drake (Lair:4)
  2 black bears
  2 sky beasts (D:10)
  4 ogres
  6 orc warriors
  4 phantoms
  2 centaurs (D:7)
  23 crocodiles
  Blork the orc (D:4)
  A big kobold (D:10)
  13 giant frogs
  5 scorpions
  5 killer bees (D:8)
  11 wights
  A yak zombie (D:10)
  A yak skeleton (D:7)
  5 electric eels
  7 crimson imps
  2 quasits
  8 orc priests
  Crazy Yiuf (D:2)
  10 hounds
  2 jellies
  9 worker ants
  4 orange rats (Lair:5)
  13 orc wizards
  13 iguanas
  A mottled dragon zombie (D:9)
  An ogre zombie (D:10)
  8 sheep
  Ijyb (D:3)
  A hound skeleton (D:7)
  27 adders
  A worker ant zombie (D:6)
  59 green rats
  2 orc zombies
  2 shadow imps
  2 giant mites (D:9)
  4 worms
  3 orc skeletons
  An ooze (D:4)
  46 orcs
  15 bats
  A bat skeleton (D:5)
  A bat zombie (D:8)
  15 goblins
  14 hobgoblins
  9 jackals
  10 quokkas
  6 ball pythons
  4 giant cockroaches
  4 giant geckos
  A giant gecko skeleton (D:5)
  7 giant newts
  A giant newt skeleton (D:4)
  A giant spore (D:9)
  26 kobolds
  A kobold zombie (D:7)
  13 rats
  A ballistomycete (D:9)
  A bush (D:2)
  3 fungi
  2 plants
664 creatures vanquished.

Vanquished Creatures (collateral kills)
  2 wolves (Lair:1)
  A killer bee (D:8)
  A giant frog skeleton (D:7)
  A sheep (Lair:1)
5 creatures vanquished.

Vanquished Creatures (others)
  A quokka (Lair:5)
  A bush (Lair:2)
  16 fungi
  4 plants
22 creatures vanquished.

Grand Total: 691 creatures vanquished

Notes
Turn   | Place    | Note
--------------------------------------------------------------
     0 | D:1      | Kashira, the Naga Wizard, began the quest for the Orb.
     0 | D:1      | Reached XP level 1. HP: 15/15 MP: 4/4
   156 | D:1      | Reached XP level 2. HP: 4/22 MP: 0/6
  1281 | D:2      | Reached XP level 3. HP: 28/28 MP: 4/8
  1286 | D:2      | Learned a level 3 spell: Mephitic Cloud
  1290 | D:2      | Learned a level 3 spell: Conjure Flame
  1393 | D:2      | Found a burning altar of Makhleb.
  1609 | D:2      | Reached skill level 4 in Spellcasting
  1654 | D:2      | Reached XP level 4. HP: 36/36 MP: 7/11
  1658 | D:2      | Learned a level 2 spell: Blink
  1661 | D:2      | Learned a level 2 spell: Repel Missiles
  2636 | D:2      | Noticed Crazy Yiuf
  2647 | D:2      | Killed Crazy Yiuf
  2782 | D:3      | Noticed Ijyb
  2848 | D:2      | Reached XP level 5. HP: 35/42 MP: 9/13
  3026 | D:3      | Found a glowing golden altar of the Shining One.
  3382 | D:3      | Killed Ijyb
  3382 | D:3      | Reached skill level 1 in Poison Magic
  3506 | D:3      | Reached XP level 6. HP: 29/50 MP: 3/16
  3561 | D:3      | Found a glowing silver altar of Zin.
  3875 | D:3      | Found a shimmering altar of Xom.
  4065 | D:3      | Reached skill level 1 in Air Magic
  4130 | D:3      | Reached skill level 5 in Spellcasting
  4406 | D:4      | Noticed Blork the orc
  4551 | D:4      | Reached skill level 1 in Armour
  4833 | D:4      | Reached XP level 7. HP: 48/56 MP: 11/18
  4965 | D:4      | Found a staircase to the Ecumenical Temple.
  4973 | Temple   | Entered the Ecumenical Temple
  4978 | Temple   | Became a worshipper of Cheibriados the Contemplative
  5005 | D:4      | Reached skill level 1 in Fighting
  5193 | D:4      | Killed Blork the orc
  5824 | D:5      | Entered Level 5 of the Dungeon
  5841 | D:5      | Noticed Menkaure
  5972 | D:5      | Reached skill level 6 in Spellcasting
  5972 | D:5      | Reached XP level 8. HP: 64/64 MP: 13/21
  6246 | D:5      | Found Choep's Assorted Antiques.
  6373 | D:5      | Found a white marble altar of Elyvilon.
  6472 | D:5      | Killed Menkaure
  6629 | D:5      | Reached skill level 5 in Conjurations
  7009 | D:6      | Acquired Cheibriados' first power
  7009 | D:6      | Reached skill level 7 in Spellcasting
  7280 | D:6      | Reached XP level 9. HP: 60/74 MP: 5/24
  7671 | D:7      | Gained mutation: Your spells are a little harder to cast, but a little more powerful. [potion of mutation]
  7671 | D:7      | Gained mutation: You are frail (-10% HP). [potion of mutation]
  7893 | D:7      | Found a glowing silver altar of Zin.
  7897 | D:7      | Acquired Cheibriados' second power
  8340 | D:7      | Reached skill level 8 in Spellcasting
  8342 | D:7      | Reached skill level 1 in Evocations
  8677 | D:7      | Found a glowing golden altar of the Shining One.
  8915 | D:8      | Acquired Cheibriados' third power
  8984 | D:8      | Found an iron altar of Okawaru.
  9026 | D:8      | Reached XP level 10. HP: 65/76 MP: 17/26
  9060 | D:8      | Got a slimy ring mail
  9080 | D:8      | Identified the +2 ring mail of Darkness {Slay+5} (You found it on level 8 of the Dungeon)
  9450 | D:8      | Noticed Maurice
  9468 | D:8      | Killed Maurice
  9667 | D:8      | Noticed a manticore
  9683 | D:8      | Killed a manticore
  9699 | D:8      | Found a shadowy altar of Dithmenos.
  9839 | D:5      | Bought a metal-bound book for 345 gold pieces
  9842 | D:5      | Learned a level 1 spell: Shock
  9848 | D:5      | Learned a level 5 spell: Lightning Bolt
  9855 | D:5      | Bought a scroll of identify for 46 gold pieces
  9857 | D:5      | Bought a scroll labeled UQARHE LUPHUXU for 23 gold pieces
  9857 | D:5      | Bought a bubbling red potion for 20 gold pieces
 10202 | D:9      | Reached skill level 5 in Poison Magic
 10588 | D:9      | Reached skill level 9 in Spellcasting
 10684 | D:9      | Noticed Grum
 10702 | D:9      | Killed Grum
 10908 | D:10     | Entered Level 10 of the Dungeon
 10994 | D:10     | Reached XP level 11. HP: 83/83 MP: 17/28
 11111 | D:10     | Noticed a hill giant
 11120 | D:10     | Killed a hill giant
 11233 | D:10     | Noticed an unseen horror
 11257 | D:10     | Killed an unseen horror
 11278 | D:10     | Found a staircase to the Lair.
 11286 | D:10     | Lost mutation: You are frail (-10% HP). [mutagenic meat]
 11287 | D:10     | Gained mutation: You occasionally shout uncontrollably at your foes. [mutagenic meat]
 11288 | D:10     | Gained mutation: Your magical capacity is low (-10% MP). [mutagenic meat]
 11645 | D:10     | Noticed a hill giant
 11661 | D:10     | Killed a hill giant
 11831 | D:10     | Reached skill level 5 in Fighting
 11995 | D:10     | Noticed Harold
 12018 | D:10     | Killed Harold
 12018 | D:10     | Reached skill level 5 in Dodging
 12018 | D:10     | Reached skill level 10 in Spellcasting
 12018 | D:10     | Reached skill level 5 in Air Magic
 12342 | D:11     | Noticed Erica
 12348 | D:11     | Killed Erica
 12650 | D:11     | Noticed Erolcha
 12724 | Lair:1   | Entered Level 1 of the Lair of Beasts
 12733 | Lair:1   | Reached XP level 12. HP: 89/103 MP: 14/27
 12739 | Lair:1   | Noticed a five-headed hydra
 13106 | Lair:2   | Noticed Nergalle
 13122 | Lair:2   | Killed Nergalle
 13288 | Lair:2   | Noticed Fannar
 13294 | Lair:2   | Killed Fannar
 13294 | Lair:2   | Reached skill level 5 in Armour
 13870 | Lair:2   | Lost mutation: Your magical capacity is low (-10% MP). [potion of cure mutation]
 13870 | Lair:2   | Lost mutation: You occasionally shout uncontrollably at your foes. [potion of cure mutation]
 13870 | Lair:2   | Lost mutation: Your spells are a little harder to cast, but a little more powerful. [potion of cure mutation]
 14736 | Lair:2   | Got a brightly glowing mace
 14737 | Lair:2   | Identified the cursed -1 mace "Qianef" {freeze, -Cast rF++ rC+ Int+4} (You found it on level 2 of the Lair of Beasts)
 14956 | Lair:2   | Reached skill level 11 in Spellcasting
 14958 | Lair:2   | Noticed an eight-headed hydra
 14961 | Lair:2   | Killed an eight-headed hydra
 15518 | Lair:1   | Found a snail-covered altar of Cheibriados.
 15723 | Lair:1   | Killed a five-headed hydra
 16010 | Lair:1   | Reached XP level 13. HP: 70/112 MP: 17/32
 16013 | Lair:1   | Gained mutation: You have a pair of small antennae on your head. [potion of mutation]
 16013 | Lair:1   | Gained mutation: You are somewhat resistant to further mutation. [potion of mutation]
 16429 | Lair:3   | Found a labyrinth entrance.
 16455 | Lab      | Entered a labyrinth
 16510 | Lab      | Reached skill level 10 in Conjurations
 16706 | Lab      | Noticed a minotaur
 16710 | Lab      | Killed a minotaur
 17411 | Lair:3   | Reached skill level 1 in Shields
 17885 | Lair:4   | Found a staircase to the Swamp.
 18158 | Lair:4   | Reached skill level 1 in Fire Magic
 18321 | Lair:4   | Learned a level 7 spell: Delayed Fireball
 18327 | Lair:4   | Learned a level 5 spell: Fireball
 19507 | Lair:5   | Found a hole to the Spider Nest.
 19762 | Lair:5   | Reached skill level 12 in Spellcasting
 19782 | Lair:5   | Reached XP level 14. HP: 52/123 MP: 1/34
 20204 | Lair:5   | Noticed a dire elephant
 20210 | Lair:5   | Killed a dire elephant
 20346 | Lair:5   | Upgraded the game from 0.15.0-27-gbdb0435 to 0.15.0-29-ga8e3430
 20654 | Lair:5   | Reached skill level 1 in Throwing
 21643 | Lair:6   | Found a glowing golden altar of the Shining One.
 22655 | Lair:7   | Found a burning altar of Makhleb.
 22814 | Lair:7   | Learned a level 4 spell: Olgreb's Toxic Radiance
 23382 | Lair:7   | HP: 2/124 [death yak (11)]
 23905 | Lair:8   | Entered Level 8 of the Lair of Beasts
 24037 | Lair:7   | HP: 5/124 [seven-headed hydra (13)]
 24037 | Lair:7   | Mangled by a seven-headed hydra

Action                   |  1- 3 |  4- 6 |  7- 9 | 10-12 | 13-15 || total
-------------------------+-------+-------+-------+-------+-------++-------
Melee: Unarmed           |     4 |       |       |       |     8 ||    12
       Dagger            |     2 |    20 |       |       |       ||    22
       Quarterstaff      |       |    16 |       |       |       ||    16
       Spear             |       |    25 |    15 |       |       ||    40
       Glaive            |       |       |   211 |   290 |     6 ||   507
       Mace              |       |       |       |     1 |   490 ||   491
Throw: Throwing net      |       |       |     1 |     1 |     1 ||     3
       Javelin           |       |       |       |     4 |     4 ||     8
 Cast: Magic Dart        |    48 |   122 |   182 |   157 |    47 ||   556
       Mephitic Cloud    |       |    17 |    41 |    72 |    57 ||   187
       Conjure Flame     |       |     1 |     8 |     6 |    13 ||    28
       Repel Missiles    |       |     1 |     1 |     1 |       ||     3
       Blink             |       |       |     6 |    12 |     8 ||    26
       Shock             |       |       |       |   166 |   334 ||   500
       Lightning Bolt    |       |       |       |    20 |    39 ||    59
       Fireball          |       |       |       |       |    10 ||    10
       Olgreb's Toxic Ra |       |       |       |       |     2 ||     2
 Abil: Spit Poison       |    19 |    40 |    55 |    71 |   113 ||   298
Evoke: Wand              |       |     1 |    11 |    14 |     1 ||    27
  Use: Scroll            |     2 |       |    10 |    15 |    12 ||    39
       Potion            |       |     3 |     2 |     1 |     7 ||    13
 Stab: Confused          |       |     2 |    13 |    25 |    28 ||    68
       Sleeping          |       |       |     2 |     2 |     1 ||     5
       Distracted        |       |       |     1 |       |       ||     1
  Eat: Chunk             |     3 |    14 |    14 |    23 |    20 ||    74
       Bread ration      |       |       |       |       |     1 ||     1
